 Dungeon Crawl Stone Soup version 0.29-a0-43-g62a80824bf (webtiles) character file.

Game seed: 17046149868887185486

610 testman the Skirmisher (level 7, -3/62 HPs)
             Began as a Palentonga Fighter on Feb 2, 2022.
             Was a Believer of Jiyva.
             Slain by Duvessa (15 damage)
             ... on level 5 of the Dungeon.
             The game lasted 00:20:45 (3645 turns).

testman the Skirmisher (Palentonga Fighter)         Turns: 3645, Time: 00:20:46

Health: -3/62      AC: 15    Str: 24    XL:     7   Next: 20%
Magic:  7/7        EV:  7    Int:  8    God:    Jiyva [**....]
Gold:   121        SH:  5    Dex:  9    Spells: 6/6 levels left

rFire   . . .      SeeInvis +   a - +0 war axe
rCold   . . .      Faith    .   c - +1 buckler
rNeg    + + .      Spirit   .   w - +1 scale mail of Compression {Rampage rPois rN++ Str+2}
rPois   +          Reflect  .   x - +1 hat
rElec   .          Harm     .   (no cloak)
rCorr   +          Rampage  +   (no gloves)
Will    .....                   (no barding)
Stlth   ..........              (no amulet)
HPRegen 1.16/turn               (no ring)
MPRegen 0.40/turn               (no ring)

@: curled up
A: large, rugged brown scales 3, see invisible, deformed body, roll 1, armoured
tail, reflexive curl
a: Rolling Charge, Renounce Religion


You were on level 5 of the Dungeon.
You worshipped Jiyva.
Jiyva was pleased with you.
You visited 1 branch of the dungeon, and saw 5 of its levels.
You also visited: Sewer.

You collected 121 gold pieces.

Inventory:

Hand Weapons
 a - a +0 war axe (weapon)
Missiles
 e - 3 boomerangs
 j - 33 poisoned darts
 k - 55 stones
Armour
 c - a +1 buckler (worn)
 w - the +1 scale mail of Compression (worn) {Rampage rPois rN++ Str+2}
   (You found it on level 4 of the Dungeon)

   Str:       It affects your strength (+2).
   rPois:     It protects you from poison.
   rN:        It greatly protects you from negative energy.
   Rampage:   It bestows one free step when moving towards enemies.
 x - a +1 hat (worn)
Wands
 b - a wand of charming (9)
 q - a wand of acid (12)
Scrolls
 h - a scroll of silence {unknown}
 n - a scroll of enchant armour
 p - 9 scrolls of identify {unknown}
 u - a scroll of torment
 y - a scroll of teleportation
Potions
 d - a potion of might
 f - 2 potions of invisibility {unknown}
 g - a potion of mutation {unknown}
 i - 4 potions of heal wounds {unknown}
 l - 2 potions of berserk rage {unknown}
 m - a potion of resistance {unknown}
 o - a potion of flight {unknown}
 s - a potion of cancellation {unknown}
 t - a potion of haste {unknown}
 v - 2 potions of magic {unknown}
 A - a potion of degeneration {unknown}


   Skills:
 + Level 6.2 Fighting
 + Level 5.8 Axes
 - Level 2.4 Armour
 - Level 2.4 Shields


You had 6 spell levels left.
You didn't know any spells.
Your spell library contained the following spells:

 Spells                   Type           Power      Damage    Failure   Level
 Ensorcelled Hibernation  Hex/Ice        0%         N/A       90%         2
 Passwall                 Tmut/Erth      0%         N/A       90%         2
 Swiftness                Air            0%         N/A       99%         3


Dungeon Overview and Level Annotations

Branches:
Dungeon (5/15)              Sewer (visited)
 Temple: D:4-7

Altars:
Kikubaaqudgha
Wu Jian
Yredelemnul

Shops:
D:2 [   D:5 =

Annotations:
D:5 Duvessa


Innate Abilities, Weirdness & Mutations

You are completely covered in rugged brown scales. (AC +3, +7% HP)
You have supernaturally acute eyesight. (SInv)
Armour fits poorly on your strangely shaped body.
You can roll at nearby foes to attack.
You have a long armoured tail.
You curl defensively after being hit. (AC +7*)


Message History

Duvessa barely misses you.
You barely miss Dowan.
Dowan is heavily wounded.
You hit Duvessa. You block Dowan's attack.
Duvessa hits you with a +0 short sword. Dowan hits you but does no damage.
You closely miss Dowan.
Dowan is heavily wounded.
You hit Duvessa but do no damage. Duvessa hits you with a +0 short sword.
Dowan hits you but does no damage. Duvessa closely misses you.
You hit Dowan.
Dowan is heavily wounded.
You hit Duvessa. Dowan casts a spell at you. The puff of flame hits you.
Duvessa hits you but does no damage.
You hit Dowan.
Dowan is severely wounded.
You hit Duvessa.
Dowan points at you and mumbles some strange words.
The puff of flame hits you but does no damage.
Duvessa hits you with a +0 short sword!
You slash Dowan!
You kill Dowan!
Duvessa screams, "No!
How DARE you!"
Duvessa goes berserk!
You hit Duvessa. Duvessa hits you with a +0 short sword.
You block Duvessa's attack.
You barely miss Duvessa.
Duvessa is heavily wounded.
Duvessa barely misses you. Duvessa hits you with a +0 short sword!
You slash Duvessa!
Duvessa is severely wounded.
Duvessa hits you with a +0 short sword! Duvessa hits you but does no damage.
You hit Duvessa but do no damage. You tail-slap Duvessa.
Duvessa is severely wounded.
Duvessa hits you with a +0 short sword. You block Duvessa's attack.
You barely miss Duvessa.
Duvessa is severely wounded.
Duvessa hits you with a +0 short sword!
* * * LOW HITPOINT WARNING * * *
Duvessa hits you with a +0 short sword!
You die...

.........## .###.....##
.# ###....# .
..###.....### ..
..##........### ...
.........†....### ....
..........#.....###.....
.........####...e.......
.........# ###.@.......
........# ###)...<..
..####.. ....... .# #..
....... .# $.# .......
## ....... # .#..... #
.###... #


You could see Duvessa (berserk).

Vanquished Creatures
  A black bear (D:4)
  A necrophage (D:5)
  Dowan (D:5)
  3 jellies (Sewer)
  2 iguanas (D:4)
  2 orc wizards (D:3)
  A hound skeleton (D:4)
  7 adders
  An adder skeleton (D:5)
  3 worms
  4 dart slugs
  11 orcs
  5 bats
  12 endoplasms
  7 giant cockroaches
  4 goblins
  6 hobgoblins
  11 quokkas
  3 ball pythons (D:1)
  2 frilled lizards
  8 kobolds
  9 rats
104 creatures vanquished.

Vanquished Creatures (others)
  4 gnolls (D:3)
  An endoplasm (D:3)
  A ball python (D:3)
  A giant cockroach (D:3)
  4 jackals (D:3)
  A frilled lizard (D:3)
  A kobold (D:3)
  2 rats (D:3)
15 creatures vanquished.

Grand Total: 119 creatures vanquished

Notes
Turn   | Place    | Note
-------+----------+-------------------------------------------
     0 | D:1      | testman the Palentonga Fighter began the quest for the Orb.
     0 | D:1      | Reached XP level 1. HP: 19/19 MP: 1/1
    34 | D:1      | Reached XP level 2. HP: 23/25 MP: 2/2
   775 | D:2      | Reached XP level 3. HP: 31/31 MP: 3/3
  1148 | D:2      | Found Tyges's Antique Armour Boutique.
  1257 | D:2      | Reached skill level 4 in Fighting
  1648 | D:3      | Reached XP level 4. HP: 39/39 MP: 4/4
  1651 | D:3      | Found a glowing drain.
  1662 | Sewer    | Entered a sewer
  1768 | Sewer    | Reached XP level 5. HP: 8/46 MP: 5/5
  2066 | Sewer    | Found a viscous altar of Jiyva.
  2324 | Sewer    | Became a worshipper of Jiyva Jisasass the Shapeless
  2363 | D:3      | Reached skill level 5 in Fighting
  2953 | D:3      | Reached * piety under Jiyva
  3031 | D:4      | Reached XP level 6. HP: 47/54 MP: 6/6
  3037 | D:4      | Identified the +1 scale mail of Compression {Rampage rPois
                  | rN++ Str+2}
  3091 | D:4      | Reached skill level 5 in Axes
  3107 | D:4      | Found a basalt altar of Yredelemnul.
  3107 | D:4      | Found an ancient bone altar of Kikubaaqudgha.
  3108 | D:4      | Found an ornate altar of the Wu Jian Council.
  3459 | D:5      | Entered Level 5 of the Dungeon
  3526 | D:5      | Reached ** piety under Jiyva
  3547 | D:5      | Reached skill level 6 in Fighting
  3547 | D:5      | Gained mutation: You curl defensively after being hit. (AC
                  | +7*) [Palentonga growth]
  3547 | D:5      | Reached XP level 7. HP: 59/62 MP: 7/7
  3604 | D:5      | Found Lonk's Jewellery Shop.
  3629 | D:5      | Noticed Duvessa
  3629 | D:5      | Noticed Dowan
  3641 | D:5      | Killed Dowan
  3645 | D:5      | Slain by Duvessa

Illustrated notes

Levels and vault maps discovered:
D:1:      psy_arrival_radial02, layout_basic
D:2:      layout_loops_cross, serial_shops, shop, minmay_tromino_i2
D:3:      layout_loops_ring, portal_sewer_entry_f
D:4:      layout_loops_ring, gammafunk_temple_overflow_forgotten
D:5:      nicolae_cairo_tiling, layout_layer_cave,
          mainiacjoe_overflow_six_doors_small,
          nicolae_ossuary_entry_false_entrances, serial_shops, shop,
          nicolae_shop_temple_entry_statues_fountains, nicolae_shop_waterfront,
          uniq_duvessa

Skill      XL: |  1  2  3  4  5  6 |
---------------+-------------------+-----
Axes           | 3 4 5 |  5.8
Fighting       | 4 5 6 |  6.2
Armour         | |  2.4
Shields        | |  2.4

Action                   |  1- 3 |  4- 6 |  7- 9 || total
-------------------------+-------+-------+-------++-------
Melee: War axe           |    80 |   123 |    19 ||   222
       Tailslap          |     7 |    13 |     1 ||    21
 Abil: Rolling Charge    |    24 |    29 |     1 ||    54
  Use: Scroll            |     3 |     5 |       ||     8
Armor: Scale mail        |    31 |    66 |    12 ||   109
Dodge: Dodged            |    24 |    47 |     6 ||    77
Block: Buckler           |    13 |    31 |     6 ||    50

Table legend: (Time is in decaauts)
 A = Elapsed time spent in this place.
 B = Non-inter-level travel time spent in this place.
 C = Inter-level travel time spent in this place.
 D = Time resting spent in this place.
 E = Time spent auto-exploring this place.
 F = Levels seen in this place.
 G = Mean time per level.
                   A        B        C        D        E       F      G
               +--------+--------+--------+--------+--------+-----+--------+
         Total |   3755 |   3659 |     96 |    741 |   2145 |   6 |  625.8 |
       Dungeon |   3033 |   2937 |     96 |    334 |   1984 |   5 |  606.6 |
         Sewer |    721 |    721 |      0 |    407 |    160 |   1 |  721.0 |
               +--------+--------+--------+--------+--------+-----+--------+

Top non-repeatable levels by time:
     D:2: 852 daAuts
     D:1: 778 daAuts
     D:3: 747 daAuts
   Sewer: 721 daAuts
     D:4: 463 daAuts
     D:5: 192 daAuts
